 Dungeon Crawl Stone Soup version 0.31-a0-963-ga325b22 (webtiles) character file.

Game seed: 15926323486052317299

98176 No0ne1 the Peltast (level 15, -6/147 HPs)
             Began as a Minotaur Fighter on Oct 19, 2023.
             Was the Champion of Okawaru.
             Mangled by a merfolk impaler
             ... wielding a +2 heavy trident
              (15 damage)
             ... on level 2 of the Shoals on Oct 23, 2023.
             The game lasted 02:01:34 (23775 turns).

No0ne1 the Peltast (Minotaur Fighter)              Turns: 23775, Time: 02:01:35

Health: -6/147     AC: 37    Str: 26    XL:     15   Next: 74%
Magic:  14/14      EV:  8    Int:  4    God:    Okawaru [******]
Gold:   1294       SH: 23    Dex:  8    Spells: 14/14 levels left

rFire   + + +        L - +8 morningstar "Hilloic" {drain, rF+++ Will+++ Dex-2}
rCold   + . .        n - +5 Storm Queen's Shield {shock, Fly rElec}
rNeg    + + .        M - +9 storm dragon scales of Faboname {+Inv rElec rC+ rN++ Int-3}
rPois   +            (helmet restricted)
rElec   +            k - +2 cloak
rCorr   .            (no gloves)
SInv    .            a - +2 pair of boots
Will    ++++.        q - amulet of reflection Stlth
                     r - ring of poison resistance
HPRegen 0.44/turn    v - +4 ring of protection
MPRegen 0.14/turn

%: reflection
@: about to teleport, flying
A: horns 2, retaliatory headbutt
a: Renounce Religion, Evoke Invisibility, Heroism, Finesse, Duel


You were on level 2 of the Shoals.
You worshipped Okawaru.
Okawaru was exalted by your worship.
You visited 6 branches of the dungeon, and saw 21 of its levels.

You collected 2198 gold pieces.
You spent 904 gold pieces at shops.

Inventory:

Hand Weapons
 h - a +2 demon whip of venom
 l - a +4 flail
 u - a +0 demon trident
 I - a +8 eveningstar
 L - the +8 morningstar "Hilloic" (weapon) {drain, rF+++ Will+++ Dex-2}
   (Okawaru gifted it to you on level 10 of the Dungeon)

   Dex-2:     It affects your dexterity (-2).
   rF+++:     It renders you almost immune to fire.
   Will+++:   It greatly increases your willpower.
 S - the +8 great mace of the Rat {spect, rElec Str-5 Int+8 Dex-2}
   (You found it on level 4 of the Lair of Beasts)

   Str-5:     It affects your strength (-5).
   Int+8:     It affects your intelligence (+8).
   Dex-2:     It affects your dexterity (-2).
   rElec:     It insulates you from electricity.
Missiles
 i - 15 silver javelins
 P - 2 curare-tipped darts
Armour
 a - a +2 pair of boots (worn)
 k - a +2 cloak (worn)
 m - a +8 chain mail of ponderousness
 n - the +5 Storm Queen's Shield (worn) {shock, Fly rElec}
   (You found it on level 10 of the Dungeon)

   Shock:     When it blocks an attack, it may electrocute the attacker.
   This works even against foes who are a short distance away.
   rElec:     It insulates you from electricity.
   Fly:       It grants you flight.
 E - a +1 crystal plate armour
 M - the +9 storm dragon scales of Faboname (worn) {+Inv rElec rC+ rN++ Int-3}
   (Okawaru gifted it to you on level 10 of the Dungeon)

   Int-3:     It affects your intelligence (-3).
   rC+:       It protects you from cold.
   rElec:     It insulates you from electricity.
   rN++:      It greatly protects you from negative energy.
   +Inv:      It lets you turn invisible.
Jewellery
 p - a ring of positive energy
 q - an amulet of reflection (around neck)
 r - a ring of poison resistance (left hand)
 v - a +4 ring of protection (right hand)
 O - a ring of positive energy
 R - a ring of resist corrosion
 T - a ring of protection from cold
Wands
 b - a wand of iceblast (17)
 t - a wand of flame (32)
 w - a wand of quicksilver (11)
 y - a wand of paralysis (8)
 K - a wand of polymorph (8)
 N - a wand of mindburst (4)
Scrolls
 d - 2 scrolls of butterflies
 j - 2 scrolls of silence
 s - 2 scrolls of fear
 z - 3 scrolls of fog
 A - 2 scrolls of revelation
 C - 8 scrolls of identify
 D - 2 scrolls of immolation
 J - 5 scrolls of teleportation
Potions
 c - 3 potions of curing
 e - 2 potions of mutation
 f - a potion of experience
 g - 8 potions of magic
 o - 2 potions of ambrosia
 x - a potion of attraction
 G - a potion of berserk rage
 H - 2 potions of enlightenment
 Q - a potion of haste
Miscellaneous
 F - a phantom mirror (quivered)


   Skills:
 * Level 17.5 Fighting
 + Level 16.8 Maces & Flails
 + Level 0.4 Throwing
 * Level 16.1 Armour
 * Level 18.7 Shields
 + Level 0.5 Evocations


You had 14 spell levels left.
You didn't know any spells.
Your spell library contained the following spells:

 Spells                   Type           Power      Damage    Failure   Level
 Foxfire                  Conj/Fire      0%         2x1d4     95%         1
 Slow                     Hex            0%         N/A       95%         1
 Blink                    Tloc           0%         N/A       99%         2
 Cigotuvi's Dreadful Rot  Necr/Pois/Air  0%         N/A       99%         2
 Ensorcelled Hibernation  Hex/Ice        0%         N/A       99%         2
 Jinxbite                 Hex            0%         N/A       99%         2
 Passwall                 Tmut/Erth      0%         N/A       99%         2
 Wereblood                Tmut           0%         N/A       99%         2
 Confusing Touch          Hex            0%         N/A       100%        3
 Gell's Gravitas          Tloc           0%         N/A       100%        3
 Inner Flame              Hex/Fire       0%         N/A       100%        3
 Mephitic Cloud           Conj/Pois/Air  0%         N/A       100%        3
 Sigil of Binding         Hex            0%         N/A       100%        3
 Swiftness                Air            0%         N/A       100%        3
 Teleport Other           Tloc           0%         N/A       100%        3
 Vampiric Draining        Necr           0%         2d6       100%        3
 Anguish                  Hex/Necr       0%         N/A       100%        4
 Cause Fear               Hex            0%         N/A       100%        4
 Dispel Undead            Necr           0%         3d6       100%        4
 Flame Wave               Conj/Fire      0%         2d4       100%        4
 Manifold Assault         Tloc           0%         N/A       100%        4
 Sticky Flame             Conj/Fire      0%         2d3       100%        4
 Alistair's Intoxication  Tmut/Pois      0%         N/A       100%        5
 Silence                  Hex/Air        0%         N/A       100%        5
 Yara's Violent Unravell  Hex/Tmut       0%         3d3       100%        5
 Dispersal                Tloc           0%         N/A       100%        6
 Eringya's Noxious Bog    Tmut/Pois      0%         4d6       100%        6
 Plasma Beam              Fire/Air       0%         2x1d10    100%        6
 Starburst                Conj/Fire      0%         6d3       100%        6
 Enfeeble                 Hex            0%         N/A       100%        7
 Death Channel            Necr           Unusable   N/A       N/A         6

Dungeon Overview and Level Annotations

Branches:
Dungeon (11/15)            Temple (1/1) D:6            Lair (5/5) D:11
 Shoals (2/4) Lair:3       Spider (1/4) Lair:3        Slime (1/5) Lair:5
    Orc: D:9-12

Altars:
Ashenzari
Cheibriados
Dithmenos
Elyvilon
Fedhas
Gozag
Hepliaklqana
Kikubaaqudgha
Makhleb
Nemelex Xobeh
Okawaru
Qazlal
Ru
Sif Muna
Trog
Uskayaw
Vehumet
Wu Jian
Xom
Yredelemnul
Zin
The Shining One
Jiyva

Shops:
D:3 *   D:6 :   D:7 [

Annotations:
D:10 3 runed translucent doors


Innate Abilities, Weirdness & Mutations

You have a pair of horns on your head.
You reflexively headbutt those who attack you in melee.


Message History

Your shield discharges, shocking the merfolk impaler!
You block the merfolk impaler's attack.
The merfolk impaler hits you from afar with a +0 trident.
* * * LOW HITPOINT WARNING * * *
You bludgeon the merfolk impaler!!
Your headbutt misses the merfolk impaler.
The merfolk impaler is severely wounded.
You block the merfolk impaler's attack.
Your shield discharges, shocking the merfolk impaler!
You block the merfolk impaler's attack.
You closely miss the merfolk impaler. You headbutt the merfolk impaler!
The merfolk impaler is severely wounded.
You block the merfolk impaler's attack.
The merfolk impaler hits you from afar with a +0 trident.
* * * LOW HITPOINT WARNING * * *
The merfolk impaler hits you from afar with a +2 heavy trident.
* * * LOW HITPOINT WARNING * * *
You block the merfolk impaler's attack.
You barely miss the merfolk impaler.
The merfolk impaler is severely wounded.
You block the merfolk impaler's attack.
The merfolk impaler hits you but does no damage.
You bludgeon the merfolk impaler!!
You kill the merfolk impaler!
Okawaru accepts your kill.
You hear a splash. x3
The merfolk impaler hits you from afar with a +2 heavy trident!!
* * * LOW HITPOINT WARNING * * *
The merfolk impaler hits you but does no damage. x2
The merfolk impaler hits you from afar with a +2 heavy trident.
* * * LOW HITPOINT WARNING * * *
You block the merfolk impaler's attack.
As you read the scroll of teleportation, it crumbles to dust.
You feel strangely unstable.
The merfolk impaler hits you but does no damage.
You block the merfolk impaler's attack.
The merfolk siren chants a haunting song.
You resist with almost no effort. The merfolk impaler closely misses you.
The merfolk impaler hits you from afar with a +2 heavy trident!
You die...

#≈≈≈≈≈≈≈≈≈≈≈≈≈~~~..
#≈≈≈≈≈≈≈≈≈≈≈≈≈≈.~..
#≈≈≈≈≈≈≈≈≈≈≈≈≈≈≈≈≈.
#≈≈≈≈≈#≈≈≈#≈≈≈≈≈≈≈≈
#≈≈≈≈#######≈≈≈≈≈~≈
#≈≈≈###?=$###≈≈≈..!
#≈≈≈≈#m$$$$# ≈≈≈...
#≈≈≈≈'mm"$$# ≈≈....
#≈≈≈@#..$..# ≈....
#≈≈≈###.$$###≈≈≈~....
#≈≈≈≈#######≈≈≈≈≈~~..
#≈≈≈≈≈#≈≈≈#≈≈≈≈≈≈≈≈..
#≈≈≈≈≈≈≈≈≈≈≈≈≈≈≈≈≈<..
#≈≈≈≈≈≈≈≈≈≈≈≈≈≈≈..~~~
#≈≈≈≈≈≈≈≈≈≈≈≈~~~~~~~~
#≈≈≈≈≈≈≈≈≈≈≈~~~~~~~~~
#≈≈≈~~~≈≈~~≈≈~~~~.~..


You could see 2 merfolk impalers and a merfolk siren.

Vanquished Creatures
  An acid blob (Slime:1)
  Kirke (Lair:4)
  A storm dragon (D:10)
  2 spark wasps
  2 merfolk javelineers
  A fire dragon (Lair:5)
  3 merfolk impalers
  6 hydras
  An anaconda (Lair:3)
  2 centaur warriors
  2 catoblepae
  Erica (D:8)
  2 two-headed ogres (D:10)
  2 boulder beetles
  Urug (Lair:2)
  A demonic crawler (Spider:1)
  14 death yaks
  2 shock serpents (D:10)
  Amaemon (D:8)
  3 skysharks (Shoals:1)
  2 pharaoh ants
  8 sea snakes
  A steelbarb worm (Spider:1)
  An arcanist (D:10)
  3 lindwurms (Lair:5)
  5 harpies (Shoals:1)
  3 deep elf zephyrmancers (D:10)
  A deep elf pyromancer (D:10)
  A wolf spider (D:10)
  Pikel (D:5)
  An ugly thing (D:10)
  A faun (Shoals:1)
  A manticore (Shoals:1)
  10 black mambas
  8 elephants
  Maurice (D:10)
  10 cane toads
  4 water nymphs
  2 merfolk sirens
  6 torpor snails
  A gargoyle (D:11)
  An orange demon (D:8)
  An unseen horror (D:11)
  A kobold demonologist (D:10)
  11 komodo dragons
  4 rime drakes
  3 trolls
  3 tyrant leeches (Lair:5)
  10 polar bears
  A meliai (shapeshifter) (D:10)
  2 tarantellas
  9 merfolk
  Grinder (D:5)
  3 wind drakes
  16 blink frogs
  5 raiju
  10 hornets
  8 dream sheep
  A snapping turtle (Shoals:1)
  A jumping spider (Lair:3)
  A culicivora (Spider:1)
  7 wyverns
  5 water elementals (Shoals:1)
  An air elemental (D:10)
  2 shadows (D:10)
  A spriggan (Lair:4)
  A wraith (D:11)
  2 ynoxinuls (D:9)
  6 hogs (Lair:4)
  A human (Lair:4)
  40 yaks
  A golden eye (Lair:5)
  2 vampire mosquitoes (D:10)
  4 steam dragons
  6 basilisks
  3 redbacks (Spider:1)
  6 wargs (Lair:5)
  14 water moccasins
  Menkaure (D:7)
  An acid dragon (D:10)
  11 hell hounds (Lair:5)
  4 orc warriors
  An ice beast (D:6)
  13 black bears
  22 wolves
  4 centaurs
  A phantom (D:5)
  2 kobold brigands
  10 bullfrogs
  8 scorpions
  A gnoll sergeant (D:11)
  A water moccasin zombie (D:7)
  13 wights
  5 killer bees (D:10)
  2 electric eels
  3 howler monkeys
  Crazy Yiuf (D:7)
  7 orc priests
  A jelly (D:5)
  A sleepcap (D:6)
  4 hell rats (Lair:2)
  7 orc wizards
  4 iguanas
  A killer bee zombie (D:7)
  A howler monkey zombie (D:7)
  4 adders
  13 gnolls
  A shadow imp (D:6)
  2 white imps (D:7)
  6 ufetubi (D:9)
  2 dart slugs
  41 orcs
  2 endoplasms
  2 giant cockroaches (D:4)
  7 goblins
  8 hobgoblins
  4 jackals
  5 quokkas
  2 ball pythons (D:3)
  2 bats (D:2)
  5 frilled lizards
  7 kobolds
  6 rats
563 creatures vanquished.

Vanquished Creatures (others)
  A merfolk aquamancer (Shoals:1)
1 creature vanquished.

Grand Total: 564 creatures vanquished

Notes
Turn   | Place    | Note
-------+----------+-------------------------------------------
     0 | D:1      | No0ne1 the Minotaur Fighter began the quest for the Orb.
     0 | D:1      | Reached XP level 1. HP: 19/19 MP: 0/0
   377 | D:1      | Reached XP level 2. HP: 8/27 MP: 1/1
   636 | D:1      | Reached skill level 4 in Shields
   969 | D:2      | Reached XP level 3. HP: 31/33 MP: 2/2
  1566 | D:3      | Reached XP level 4. HP: 14/41 MP: 3/3
  1925 | D:3      | Found Haurpha's General Store.
  2060 | D:3      | You fall into a shaft and drop 1 floor!
  2171 | D:4      | Reached skill level 5 in Armour
  2173 | D:4      | Reached XP level 5. HP: 46/47 MP: 4/4
  2628 | D:3      | Identified a scroll of acquirement
  2628 | D:3      | Acquired 787 gold pieces
  3098 | D:4      | Found a sparkling altar of Nemelex Xobeh.
  3098 | D:4      | Found a sacrificial altar of Ru.
  3158 | D:5      | Entered Level 5 of the Dungeon
  3221 | D:5      | Noticed Grinder
  3227 | D:5      | Killed Grinder
  3228 | D:5      | Reached skill level 5 in Fighting
  3228 | D:5      | Reached XP level 6. HP: 30/56 MP: 5/5
  3391 | D:5      | Reached skill level 5 in Shields
  3426 | D:5      | Reached skill level 5 in Maces & Flails
  3434 | D:5      | Reached XP level 7. HP: 59/61 MP: 6/6
  3899 | D:5      | Noticed Pikel
  3907 | D:5      | Killed Pikel
  3908 | D:5      | Reached XP level 8. HP: 54/70 MP: 7/7
  4377 | D:6      | Found a staircase to the Ecumenical Temple.
  4538 | D:6      | Found Abiretas's Book Emporium.
  4644 | Temple   | Entered the Ecumenical Temple
  4649 | Temple   | Became a worshipper of Warmaster Okawaru
  4753 | D:6      | Identified the +2 quarterstaff of the Caustic God {elec,
                  | rC+}
  4853 | D:6      | Reached skill level 6 in Shields
  5368 | D:7      | Found a shimmering blue altar of Sif Muna.
  5382 | D:7      | Found Roxeylaan's Armour Shop.
  5388 | D:7      | Reached * piety under Okawaru
  5517 | D:7      | Upgraded the game from 0.31-a0-934-gf4fcaac to
                  | 0.31-a0-948-gf5be29c
  5710 | D:7      | Reached skill level 10 in Armour
  5710 | D:7      | Reached XP level 9. HP: 73/79 MP: 8/8
  5716 | D:7      | Bought a +2 pair of boots for 264 gold pieces
  5716 | D:7      | Bought +0 steam dragon scales for 640 gold pieces
  5867 | D:7      | Noticed Menkaure
  5884 | D:7      | HP: 3/79 [Menkaure (17)]
  5888 | D:7      | Killed Menkaure
  5888 | D:7      | Reached ** piety under Okawaru
  6182 | D:7      | HP: 2/67 [wight/+5 trident (3)]
  6186 | D:7      | Reached skill level 7 in Shields
  6191 | D:7      | HP: 1/64 [wight/+0 trident (4)]
  6483 | D:7      | Found a hide-covered altar of Uskayaw.
  7054 | D:7      | Found a runed translucent door.
  7155 | D:7      | Noticed Crazy Yiuf
  7162 | D:7      | Killed Crazy Yiuf
  7453 | D:8      | Noticed Amaemon
  7454 | D:8      | Noticed an orange demon
  7464 | D:8      | Killed Amaemon
  7464 | D:8      | Reached *** piety under Okawaru
  7465 | D:8      | Reached XP level 10. HP: 43/89 MP: 9/9
  7836 | D:8      | Noticed Erica
  7865 | D:8      | Killed Erica
  7866 | D:8      | Reached skill level 10 in Maces & Flails
  7866 | D:8      | Reached skill level 8 in Shields
  7868 | D:8      | Reached **** piety under Okawaru
  8267 | D:8      | Killed an orange demon
  8937 | D:8      | Found an opulent altar of Gozag.
  9496 | D:9      | Found a white marble altar of Elyvilon.
 10143 | D:9      | Reached ***** piety under Okawaru
 10150 | D:9      | Reached skill level 9 in Shields
 10222 | D:9      | Reached skill level 10 in Fighting
 10285 | D:9      | Received a gift from Okawaru
 10610 | D:9      | Reached XP level 11. HP: 82/100 MP: 10/10
 11103 | D:10     | Identified the of Yskueg
 11103 | D:10     | Identified the "Macer"
 11103 | D:10     | Entered Level 10 of the Dungeon
 11162 | D:10     | Noticed a boulder beetle
 11163 | D:10     | Noticed a wolf spider
 11175 | D:10     | Killed a boulder beetle
 11183 | D:10     | Killed a wolf spider
 11390 | D:10     | Upgraded the game from 0.31-a0-948-gf5be29c to
                  | 0.31-a0-960-g0fca184
 11404 | D:10     | Noticed an arcanist
 11407 | D:10     | Noticed a deep elf pyromancer
 11417 | D:10     | Killed an arcanist
 11431 | D:10     | Killed a deep elf pyromancer
 11441 | D:10     | Received a gift from Okawaru
 11448 | D:10     | Noticed a two-headed ogre
 11454 | D:10     | Killed a two-headed ogre
 11455 | D:10     | Reached skill level 10 in Shields
 11458 | D:10     | Noticed Maurice
 11473 | D:10     | Something stole a serpent talisman
 11477 | D:10     | Killed Maurice
 11528 | D:10     | Noticed a two-headed ogre
 11735 | D:10     | Killed a two-headed ogre
 11767 | D:10     | HP: 4/104 [yak (12)]
 11874 | D:10     | Noticed a brown ugly thing
 11927 | D:10     | Received a gift from Okawaru
 12149 | D:10     | Killed a brown ugly thing
 12258 | D:10     | Noticed a centaur warrior
 12267 | D:10     | Killed a centaur warrior
 12268 | D:10     | Reached XP level 12. HP: 82/113 MP: 11/11
 12276 | D:10     | Reached skill level 11 in Shields
 12398 | D:10     | Identified the +2 helmet of the Meadowlark {*Slow +Inv rF+}
 12561 | D:10     | Found a runed translucent door.
 12567 | D:10     | Noticed a spark wasp
 12599 | D:10     | Reached ****** piety under Okawaru
 12610 | D:10     | Found a runed translucent door.
 12611 | D:10     | Acquired the +8 morningstar "Hilloic" {drain, rF+++ Will+++
                  | Dex-2}
 12611 | D:10     | Received a gift from Okawaru
 12612 | D:10     | Acquired the +9 storm dragon scales of Faboname {+Inv rElec
                  | rC+ rN++ Int-3}
 12612 | D:10     | Received a gift from Okawaru
 12637 | D:10     | Noticed a storm dragon
 12653 | D:10     | Found a runed translucent door.
 12664 | D:10     | Found the +5 Storm Queen's Shield {shock, Fly rElec}
 12665 | D:10     | Found a runed translucent door.
 12685 | D:10     | Killed a spark wasp
 13071 | D:10     | Found a burning altar of Makhleb.
 13261 | D:10     | Paralysed by an air elemental for 1 turns
 13309 | D:10     | Killed a storm dragon
 13309 | D:10     | Received a gift from Okawaru
 13310 | D:10     | Reached skill level 12 in Shields
 14253 | D:11     | Noticed a death yak
 14262 | D:11     | Noticed a death yak
 14273 | D:11     | Killed a death yak
 14274 | D:11     | Noticed a death yak
 14276 | D:11     | Noticed a death yak
 14290 | D:11     | Noticed a death yak
 14291 | D:11     | Killed a death yak
 14295 | D:11     | Noticed a death yak
 14296 | D:11     | Killed a death yak
 14303 | D:11     | Killed a death yak
 14309 | D:11     | Killed a death yak
 14312 | D:11     | Killed a death yak
 14436 | D:11     | Found a staircase to the Lair.
 14466 | D:11     | Noticed a boulder beetle
 14481 | D:11     | Killed a boulder beetle
 14481 | D:11     | Received a gift from Okawaru
 15028 | Lair:1   | Entered Level 1 of the Lair of Beasts
 15144 | Lair:1   | Reached XP level 13. HP: 123/123 MP: 12/12
 15194 | Lair:1   | Reached skill level 13 in Shields
 15766 | Lair:2   | Received a gift from Okawaru
 16112 | Lair:2   | Noticed Urug
 16148 | Lair:2   | Killed Urug
 17083 | Lair:3   | Found a hole to the Spider Nest.
 17109 | Spider:1 | Entered Level 1 of the Spider Nest
 17128 | Spider:1 | Noticed a spark wasp
 17139 | Spider:1 | Reached skill level 15 in Maces & Flails
 17145 | Spider:1 | Killed a spark wasp
 17145 | Spider:1 | Received a gift from Okawaru
 17146 | Spider:1 | Reached skill level 14 in Shields
 17581 | Lair:3   | Reached skill level 15 in Fighting
 17589 | Lair:3   | Received a gift from Okawaru
 17604 | Lair:3   | Reached XP level 14. HP: 62/135 MP: 13/13
 17829 | Lair:3   | Upgraded the game from 0.31-a0-960-g0fca184 to
                  | 0.31-a0-963-ga325b22
 17900 | Lair:3   | Reached skill level 15 in Shields
 18010 | Lair:3   | Found a staircase to the Shoals.
 18899 | Lair:4   | Reached skill level 15 in Armour
 18909 | Lair:4   | Received a gift from Okawaru
 18954 | Lair:4   | Noticed Kirke
 18990 | Lair:4   | Noticed a sphinx
 18993 | Lair:4   | Killed Kirke
 19043 | Lair:4   | Identified the +1 war axe "Ytuawome" {flame, rN+ Str+5
                  | Int-5 SInv}
 19221 | Lair:4   | Identified the +8 great mace of the Rat {spect, rElec Str-5
                  | Int+8 Dex-2}
 19826 | Lair:5   | Entered Level 5 of the Lair of Beasts
 20007 | Lair:5   | Received a gift from Okawaru
 20036 | Lair:5   | Identified the +4 ring mail of Amelioration {Contam Harm
                  | rC+++ Dex-5}
 20047 | Lair:5   | Reached skill level 16 in Shields
 20462 | Lair:5   | Found a runed translucent door.
 20495 | Lair:5   | Received a gift from Okawaru
 20725 | Lair:5   | Found a viscous altar of Jiyva.
 20725 | Lair:5   | Found a staircase to the Slime Pits.
 20842 | Lair:5   | Reached skill level 17 in Shields
 20842 | Lair:5   | Reached XP level 15. HP: 140/145 MP: 14/14
 20900 | Lair:5   | Received a gift from Okawaru
 21809 | Vaults:4 | Identified the "Xomp"
 21809 | Vaults:5 | Identified the "Ragute"
 21809 | Elf:1    | Identified the "Jilef"
 21809 | Zot:1    | Identified the "Yferaib"
 21809 | Zot:4    | Identified the "Kiconips"
 21809 | Slime:1  | Entered Level 1 of the Pits of Slime
 21809 | Slime:1  | Noticed an acid blob
 21818 | Slime:1  | Killed an acid blob
 21818 | Slime:1  | Received a gift from Okawaru
 22277 | Shoals:1 | Entered Level 1 of the Shoals
 22707 | Shoals:1 | Reached skill level 18 in Shields
 23013 | Shoals:1 | Received a gift from Okawaru
 23726 | Shoals:2 | Found a runed translucent door.
 23775 | Shoals:2 | Mangled by a merfolk impaler

Illustrated notes

Levels and vault maps discovered:
D:1:      giann_wishing_wells, layout_loops_cross, minmay_tripent
D:2:      layout_rooms
D:3:      layout_basic, serial_shops, shop, chequers_serial_rivers_large_b
D:4:      layout_loops_ring, grunt_temple_overflow_open
D:5:      layout_loops_corners, uniq_grinder, uniq_pikel
D:6:      layout_basic, temple_statues, nicolae_wooded_promenade
D:7:      layout_basic, mainiacjoe_overflow_alcove_2,
          mainiacjoe_overflow_chevrons, serial_shops, shop, serial_undead,
          serial_undead_d, serial_undead_b, serial_undead_f, serial_undead_f,
          minivault_27, grunt_ministairs_11, lightli_orcish_oven,
          uniq_crazy_yiuf_cottage, uniq_menkaure
D:8:      layout_loops_corners, marbit_many_paths,
          chequers_serial_rivers_small_b, minmay_between, uniq_amaemon,
          uniq_erica
D:9:      nicolae_cairo_tiling, layout_basic, elyvilon_altar_4, enter_bailey_2,
          nrook_mini_vaults, nicolae_fort_ynox
D:10:     minmay_the_grid_square_5x5_3x3 [minmay_the_grid_square_5x5_plus,
          minmay_the_grid_square_5x5_eight, minmay_the_grid_square_5x5_tie,
          minmay_the_grid_square_5x5_mess,
          minmay_the_grid_square_5x5_megaprize_open,
          minmay_the_grid_square_5x5_six_small,
          minmay_the_grid_square_5x5_bracketed,
          minmay_the_grid_square_5x5_empty,
          minmay_the_grid_square_5x5_sharp_hourglass], layout_rooms,
          lightli_temple_of_fire, nicolae_guarded_unrand_storm_shield,
          uniq_maurice
D:11:     layout_stronghold, dpeg_lair_monsters, st_stairs_6
Temple:   minmay_freezing_vapour_temple
Lair:1:   layout_roguey, lemuel_old_faithful
Lair:2:   layout_roguey, uniq_urug
Lair:3:   nzn_winding_woodlands_large [nzn_winding_woodlands_5x5_closed_star,
          nzn_winding_woodlands_5x15_sidewinder,
          nzn_winding_woodlands_5x5_cross,
          nzn_winding_woodlands_center_diamonds,
          nzn_winding_woodlands_15x15_thick_spiral,
          nzn_winding_woodlands_center_lodge, nzn_winding_woodlands_hourglass,
          nzn_winding_woodlands_5x15_jagged, nzn_winding_woodlands_5x5_three],
          layout_layer_cave, elwin_shoals_entry_stream,
          nicolae_spider_entry_lesser_pyramids
Lair:4:   layout_cave_pods, grunt_forest_large_clearing_hut,
          infiniplex_staircase_pool, grunt_megastairs_2, uniq_kirke
Lair:5:   hangedman_lair_caniforms_friends, layout_misc_corridors, wormcave,
          dpeg_slime_entry_corner
Shoals:1: layout_shoals
Shoals:2: nicolae_shoals_offshore_bank_account, layout_shoals
Spider:1: nicolae_spider_hilbert_zone_4 [nicolae_spider_hilbert_4_sides_2_open,
          nicolae_spider_hilbert_4_sides_1_open,
          nicolae_spider_hilbert_4_sides_1_open,
          nicolae_spider_hilbert_4_sides_1_open,
          nicolae_spider_hilbert_4_sides_1_open,
          nicolae_spider_hilbert_2_sides_1_open,
          nicolae_spider_hilbert_2_sides_1_open,
          nicolae_spider_hilbert_2_sides_1_open,
          nicolae_spider_hilbert_2_sides_1_open,
          nicolae_spider_hilbert_6_sides_1_open,
          nicolae_spider_hilbert_6_sides_1_open,
          nicolae_spider_hilbert_3_sides_1_open,
          nicolae_spider_hilbert_3_sides_1_open]
Slime:1:  layout_caves

Skill      XL: |  1  2  3  4  5  6  7  8  9 10 11 12 13 14 15 |
---------------+----------------------------------------------+-----
Armour         | 4 5 6 8 10 11 12 13 14 15 16 | 16.1
Shields        | 4 5 6 7 9 10 12 14 17 18 | 18.7
Fighting       | 4 5 6 7 8 10 12 13 15 16 17 | 17.5
Maces & Flails | 3 4 5 6 7 9 11 13 14 15 16 | 16.8
Throwing       | |  0.4
Evocations     | |  0.5

Action                     |  1- 3 |  4- 6 |  7- 9 | 10-12 | 13-15 || total
---------------------------+-------+-------+-------+-------+-------++-------
  Melee: Flail             |    99 |     6 |    87 |    50 |       ||   242
         Headbutt          |    10 |    11 |    32 |   127 |   198 ||   378
         Mace              |       |    64 |    89 |       |       ||   153
         Demon whip        |       |       |       |   331 |       ||   331
         Morningstar       |       |       |       |   137 |   831 ||   968
  Throw: Javelin           |       |       |       |     2 |       ||     2
 Invoke: Heroism           |       |       |       |     1 |       ||     1
         Receive Weapon    |       |       |       |     1 |       ||     1
         Receive Armour    |       |       |       |     1 |       ||     1
  Evoke: Wand              |       |       |       |     2 |       ||     2
    Use: Scroll            |     7 |     6 |     7 |     8 |    10 ||    38
         Potion            |       |       |     7 |     6 |     1 ||    14
   Stab: Distracted        |       |       |     1 |       |     1 ||     2
 Armour: Scale mail        |    67 |    21 |       |       |       ||    88
         Chain mail        |       |    38 |    99 |       |       ||   137
         Steam dragon scal |       |       |    84 |   183 |       ||   267
         Storm dragon scal |       |       |       |   110 |   430 ||   540
         Crystal plate arm |       |       |       |    13 |       ||    13
  Dodge: Dodged            |    42 |    38 |   103 |   148 |   112 ||   443
  Block: Buckler           |    14 |    11 |    46 |   137 |       ||   208
         Reflection        |       |       |       |    12 |     7 ||    19
         Kite shield       |       |       |       |    63 |   762 ||   825

Table legend: (Time is in decaauts)
 A = Elapsed time spent in this place.
 B = Non-inter-level travel time spent in this place.
 C = Inter-level travel time spent in this place.
 D = Time resting spent in this place.
 E = Time spent auto-exploring this place.
 F = Levels seen in this place.
 G = Mean time per level.
                   A        B        C        D        E       F      G
               +--------+--------+--------+--------+--------+-----+--------+
         Total |  23566 |  22212 |   1354 |   3852 |  13592 |  21 | 1122.2 |
       Dungeon |  14934 |  14586 |    348 |   2733 |   8676 |  11 | 1357.6 |
        Temple |     58 |     54 |      4 |      0 |      0 |   1 |   58.0 |
          Lair |   7050 |   6113 |    937 |    900 |   4028 |   5 | 1410.0 |
        Shoals |   1455 |   1391 |     64 |    219 |    882 |   2 |  727.5 |
   Spider Nest |     49 |     49 |      0 |      0 |      6 |   1 |   49.0 |
    Slime Pits |     17 |     17 |      0 |      0 |      0 |   1 |   17.0 |
               +--------+--------+--------+--------+--------+-----+--------+

Top non-repeatable levels by time:
    D:10: 2321 daAuts
  Lair:5: 2182 daAuts
  Lair:3: 2101 daAuts
     D:7: 2056 daAuts
     D:8: 1954 daAuts
     D:9: 1791 daAuts
    D:11: 1447 daAuts
     D:3: 1215 daAuts
     D:5: 1207 daAuts
Shoals:1: 1207 daAuts
  Lair:4: 1152 daAuts
     D:1: 925 daAuts
  Lair:2: 904 daAuts
     D:6: 880 daAuts
     D:4: 710 daAuts
